 Dungeon Crawl Stone Soup version 0.25-a0-105-g2289b3b9f1 (webtiles) character file.

Game seed: 7153558356274511773, levelgen mode: deterministic

21406 Ijustatesigmund the Cleaver (level 12, -8/110 HPs)
             Began as a Hill Orc Fighter on Nov 16, 2019.
             Was a High Priest of Cheibriados.
             Mangled by a vampire mosquito (12 damage)
             ... on level 14 of the Dungeon.
             The game lasted 00:26:05 (11971 turns).

Ijustatesigmund the Cleaver (Hill Orc Fighter)     Turns: 11971, Time: 00:26:07

Health: -8/110     AC:  0    Str: 34    XL:     12   Next: 89%
Magic:  20/21      EV: 19    Int: 25    God:    Cheibriados [*****.]
Gold:   1062       SH:  0    Dex: 25    Spells: 11/11 levels left

rFire    . . .     SeeInvis .   (weapon currently unavailable)
rCold    . . .     Gourm    .   (shield currently unavailable)
rNeg     . . .     Faith    .   (armour currently unavailable)
rPois    .         Spirit   .   (helmet currently unavailable)
rElec    .         Reflect  .   (cloak currently unavailable)
rCorr    .         Harm     .   (gloves currently unavailable)
MR       .....                  (boots currently unavailable)
Stlth    ++........             (no amulet)
HPRegen  0.28/turn              (ring currently unavailable)
MPRegen  0.17/turn              (ring currently unavailable)

@: about to teleport, pig-form, studying Maces & Flails, very slow
A: small
a: Bend Time, Temporal Distortion, Slouch, Step From Time, Renounce Religion


You were on level 14 of the Dungeon.
You worshipped Cheibriados.
Cheibriados was extremely pleased with you.
You were hungry.
You were a filthy swine.
You visited 1 branch of the dungeon, and saw 13 of its levels.

You collected 1062 gold pieces.

Inventory:

Hand Weapons
 a - a +4 broad axe (melded)
 j - a +0 flail of holy wrath
 v - a +2 hand axe of freezing
Missiles
 x - 2 silver boomerangs (quivered)
Armour
 b - a +3 chain mail (melded)
 c - a +0 shield (melded)
 m - a +1 pair of gloves (melded)
 o - a +1 helmet (melded)
 r - a +1 pair of boots (melded)
 D - a +0 large shield
Jewellery
 e - an uncursed ring of wizardry
 g - a +4 ring of evasion (melded)
 h - a ring of poison resistance (melded)
 q - an uncursed ring of wizardry
 y - an uncursed ring of ice {unknown}
 H - a +2 ring of strength
Wands
 u - a wand of flame (10)
 z - a wand of digging (3)
 E - a wand of enslavement (4)
 F - a wand of iceblast (5)
Scrolls
 l - a scroll of teleportation
 n - 6 scrolls of remove curse
Potions
 i - 2 potions of lignification
 k - 2 potions of ambrosia
 p - 3 potions of brilliance
 s - 3 potions of curing
 t - a potion of magic
 w - a potion of cancellation
 B - 5 potions of heal wounds
 C - a potion of resistance {unknown}
Books
 I - a manual of Maces & Flails
Comestibles
 f - 16 rations


   Skills:
 + Level 11.6 Fighting
 + Level 13.8(14.2) Axes
 + Level 4.9(9.2) Maces & Flails
 + Level 9.6 Armour
 - Level 4.6 Dodging
 - Level 7.2 Shields
 + Level 12.1 Invocations
 - Level 2.5 Evocations


You had 11 spell levels left.
You didn't know any spells.
Your spell library contained the following spells:

 Spells                   Type           Power        Failure   Level  Hunger
 Confusing Touch          Hex            #.....       14%         1    ##.....
 Confuse                  Hex            #.......     38%         3    ####...
 Gell's Gravitas          Tloc           #.........   38%         3    ####...
 Petrify                  Tmut/Erth      #.......     80%         4    #####..
 Metabolic Englaciation   Hex/Ice        #.........   98%         5    ######.
 Yara's Violent Unravell  Hex/Tmut       #.........   98%         5    ######.


Dungeon Overview and Level Annotations

Branches:
Dungeon (12/15)            Temple (0/1) D:6            Lair (0/6) D:9
    Orc (0/2) D:9

Altars:
Ashenzari
Cheibriados
Gozag
Kikubaaqudgha
Nemelex Xobeh
Sif Muna
Trog
Uskayaw

Shops:
D:9 }   D:11 [:=}:

Portals:
Trove: D:10 (give 16 potions of curing)

Annotations:
D:5 3 runed translucent doors, TimeIsEndless's ghost, amateur HuFi
D:6 3 runed translucent doors, MrRokkomies's ghost, amateur GnWn
D:11 2 transporters
D:14 Kirke


Message History

The vampire mosquito bites you.
* * * LOW HITPOINT WARNING * * *
The vampire mosquito draws strength from your injuries!
The vampire mosquito barely misses you. The hungry ghost hits you.
* * * LOW HITPOINT WARNING * * *
You are feeling hungry.
You feel much better. The vampire mosquito bites you!
* * * LOW HITPOINT WARNING * * *
The vampire mosquito draws strength from your injuries!
The vampire mosquito bites you.
* * * LOW HITPOINT WARNING * * *
The vampire mosquito draws strength from your injuries!
The vampire mosquito bites you!
* * * LOW HITPOINT WARNING * * *
The vampire mosquito draws strength from your injuries!
The vampire mosquito bites you.
* * * LOW HITPOINT WARNING * * *
The vampire mosquito draws strength from your injuries!
The vampire mosquito misses you. The vampire mosquito bites you!
You die...

######'##
o.o.{...#
........#
.H......#
........#
........#
###
u.u...yy#
##..
.u....yh#
#######...
u..u.?W.#
#..>...!..
#'#######
#....$..$(
#.......>%
#.........
####..).).
#....)h
#..#....
#.###.h)


You could see 5 ugly things, a hippogriff (fleeing), a hungry ghost, an orc
warrior (fleeing), 3 vampire mosquitoes and an orc (fleeing).

Vanquished Creatures
  An ice dragon (D:12)
  A hydra (D:12)
  2 centaur warriors
  3 skeletal warriors (D:14)
  An unseen horror (D:12)
  2 deep elf magi (D:14)
  2 cyclopes
  2 manticores (D:12)
  An elephant (D:9)
  A gargoyle (D:12)
  A kobold demonologist (D:12)
  An efreet (D:14)
  3 trolls
  2 guardian mummies (D:10)
  6 hippogriffs
  A hornet (D:9)
  Grinder (D:3)
  Sigmund (D:3)
  2 wyverns (D:12)
  Eustachio (D:6)
  8 yaks (D:9)
  3 hogs (D:14)
  7 hungry ghosts
  A vampire mosquito (D:12)
  A basilisk (D:9)
  Edmund (D:6)
  An acid dragon (D:12)
  Menkaure (D:7)
  3 soldier ants
  A black bear (D:7)
  2 ice beasts
  6 orc warriors
  2 phantoms
  2 sky beasts
  A black bear (shapeshifter) (D:12)
  A necrophage (D:10)
  7 ogres
  6 centaurs
  4 crocodiles
  6 bullfrogs
  3 big kobolds
  A troll zombie (D:9)
  3 scorpions
  A wyvern skeleton (D:9)
  11 wights
  4 howler monkeys
  A bullfrog zombie (D:5)
  2 centaur zombies
  6 crimson imps
  A quasit (D:12)
  3 jellies
  A gnoll shaman (D:9)
  10 hounds
  10 orc wizards
  3 centaur skeletons
  9 orc priests
  5 iguanas
  7 worker ants
  7 ogre zombies (D:9)
  2 hound skeletons
  A howler monkey zombie (D:11)
  9 gnolls
  A howler monkey skeleton (D:4)
  13 adders
  3 shadow imps (D:9)
  2 adder skeletons
  An adder zombie (D:5)
  2 worms
  3 dart slugs
  7 leopard geckos
  44 orcs
  A ball python (D:4)
  5 giant cockroaches
  5 goblins
  8 hobgoblins
  16 jackals
  16 kobolds
  4 quokkas
  4 bats
  7 frilled lizards
  7 goblin skeletons (D:9)
  2 goblin zombies (D:9)
  2 hobgoblin zombies (D:9)
  2 leopard gecko zombies
  3 orc skeletons (D:9)
  11 orc zombies (D:9)
  A quokka skeleton (D:5)
  7 rats
376 creatures vanquished.

Vanquished Creatures (others)
  A deep troll (D:12)
  An orc knight (D:12)
  A manticore (D:12)
  A fungus (D:9)
4 creatures vanquished.

Grand Total: 380 creatures vanquished

Notes
Turn   | Place    | Note
-------+----------+-------------------------------------------
     0 | D:1      | Ijustatesigmund the Hill Orc Fighter began the quest for
                  | the Orb.
     0 | D:1      | Reached XP level 1. HP: 19/19 MP: 1/1
    58 | D:1      | Reached skill level 3 in Axes
   150 | D:1      | Reached XP level 2. HP: 27/27 MP: 2/2
   195 | D:1      | Reached skill level 4 in Axes
   195 | D:1      | Reached XP level 3. HP: 21/33 MP: 3/3
  1046 | D:2      | Found a sparkling altar of Nemelex Xobeh.
  1299 | D:3      | Noticed Sigmund
  1312 | D:3      | Killed Sigmund
  1312 | D:3      | Reached skill level 5 in Fighting
  1312 | D:3      | Reached skill level 6 in Axes
  1312 | D:3      | Reached XP level 4. HP: 42/42 MP: 4/4
  1312 | D:3      | Reached XP level 5. HP: 48/48 MP: 5/5
  1557 | D:3      | Reached XP level 6. HP: 56/56 MP: 6/6
  1886 | D:3      | Noticed Grinder
  1890 | D:3      | Paralysed by Grinder for 5 turns
  1896 | D:3      | Paralysed by Grinder for 3 turns
  1899 | D:3      | Killed Grinder
  1899 | D:3      | Reached skill level 1 in Dodging
  1899 | D:3      | Reached XP level 7. HP: 61/61 MP: 7/7
  2256 | D:4      | You fall into a shaft and drop 1 floor!
  2256 | D:5      | Entered Level 5 of the Dungeon
  2607 | D:4      | Reached skill level 5 in Armour
  2607 | D:4      | Reached skill level 5 in Shields
  3019 | D:4      | Reached XP level 8. HP: 62/68 MP: 8/8
  3564 | D:4      | Found a shimmering blue altar of Sif Muna.
  3565 | D:4      | Found an opulent altar of Gozag.
  3643 | D:5      | Found a runed translucent gate.
  3649 | D:5      | Reached skill level 7 in Axes
  3650 | D:5      | Found a runed translucent gate.
  3650 | D:5      | Found a runed translucent gate.
  3652 | D:5      | Noticed TimeIsEndless's ghost (amateur HuFi)
  4015 | D:5      | Found a snail-covered altar of Cheibriados.
  4374 | D:5      | Reached skill level 8 in Axes
  4424 | D:5      | Became a worshipper of Cheibriados the Contemplative
  4482 | D:5      | Reached skill level 1 in Invocations
  4495 | D:5      | Reached skill level 1 in Evocations
  4616 | D:5      | Reached XP level 9. HP: 78/78 MP: 10/10
  4798 | D:6      | Found a runed translucent gate.
  4983 | D:6      | Found a runed translucent gate.
  4984 | D:6      | Found a runed translucent gate.
  5000 | D:6      | Noticed MrRokkomies's ghost (amateur GnWn)
  5059 | D:6      | Noticed Edmund
  5070 | D:6      | Killed Edmund
  5226 | D:6      | Reached * piety under Cheibriados
  5635 | D:6      | Noticed Eustachio
  5642 | D:6      | Killed Eustachio
  5929 | D:6      | Found a staircase to the Ecumenical Temple.
  5961 | D:6      | Found a bloodstained altar of Trog.
  6046 | D:7      | Noticed Menkaure
  6056 | D:7      | Killed Menkaure
  6056 | D:7      | Reached skill level 5 in Invocations
  6330 | D:7      | Reached skill level 9 in Axes
  6630 | D:7      | Reached ** piety under Cheibriados
  7007 | D:8      | Reached XP level 10. HP: 70/90 MP: 14/14
  7020 | D:8      | Reached skill level 10 in Axes
  7156 | D:8      | Reached *** piety under Cheibriados
  7269 | D:8      | Found an ancient bone altar of Kikubaaqudgha.
  7958 | D:9      | Reached skill level 11 in Axes
  7960 | D:9      | Reached **** piety under Cheibriados
  8117 | D:9      | Found a staircase to the Orcish Mines.
  8147 | D:9      | Reached skill level 10 in Fighting
  8241 | D:9      | Reached ***** piety under Cheibriados
  8548 | D:9      | Found Jasomac's Gadget Emporium.
  8593 | D:9      | Reached XP level 11. HP: 88/101 MP: 18/18
  8654 | D:9      | Found a staircase to the Lair.
  8827 | D:9      | Found a hide-covered altar of Uskayaw.
  8828 | D:9      | Noticed a +0 dagger
  8829 | D:9      | Noticed a +0 hand axe
  9068 | D:9      | Reached skill level 12 in Axes
  9100 | D:9      | Found a shattered altar of Ashenzari.
  9219 | D:9      | Reached skill level 10 in Invocations
  9434 | D:10     | Entered Level 10 of the Dungeon
  9912 | D:10     | Found a portal to a secret trove of treasure.
 10165 | D:11     | Found a transporter.
 10176 | D:11     | Found Cefun's Book Emporium.
 10185 | D:11     | Noticed a cyclops
 10191 | D:11     | Killed a cyclops
 10195 | D:11     | Found Batuc's Armour Shop.
 10406 | D:11     | Found Odylul's Gadget Shoppe.
 10590 | D:11     | Found Goul's Jewellery Boutique.
 10773 | D:11     | Found Xeih's Book Shop.
 10794 | D:11     | Noticed a great orb of eyes
 10795 | D:11     | Found a transporter.
 10848 | D:11     | Noticed a great orb of eyes
 10976 | D:12     | Noticed a manticore
 10995 | D:12     | Killed a manticore
 11040 | D:12     | Reached ****** piety under Cheibriados
 11051 | D:12     | Killed an unseen horror
 11051 | D:12     | Reached XP level 12. HP: 67/107 MP: 20/20
 11271 | D:12     | Noticed an ice dragon
 11271 | D:12     | Noticed a centaur warrior
 11294 | D:12     | Killed an ice dragon
 11294 | D:12     | Reached skill level 13 in Axes
 11555 | D:12     | Killed a centaur warrior
 11716 | D:12     | Reached skill level 1 in Maces & Flails
 11718 | D:12     | Noticed a four-headed hydra
 11738 | D:12     | Killed a four-headed hydra
 11850 | D:12     | You fall into a shaft and drop 2 floors!
 11916 | D:14     | Noticed a centaur warrior
 11920 | D:14     | Noticed Kirke
 11923 | D:14     | Killed a centaur warrior
 11971 | D:14     | HP: 4/110 [vampire mosquito (6)]
 11971 | D:14     | Mangled by a vampire mosquito

Levels and vault maps discovered:
D:1:      lightli_molten_gateway, layout_loops_ring
D:2:      layout_rooms, nemelex_xobeh_ov_fountains_minmay,
          minmay_misc_feat_secret_circle, hangedman_decor_points
D:3:      layout_basic, hex_tiny, minmay_misc_feat_square, uniq_grinder,
          uniq_sigmund
D:4:      layout_layer_cave, nicolae_overflow_hidden_temple, first_ration
D:5:      layout_rooms, gammafunk_ghost_split, basic_altar,
          kennysheep_generic_room_2
D:6:      layout_loops_ring, lightli_temple_of_fire,
          minmay_temple_entry_glassed_door, gammafunk_ghost_icy, uniq_edmund,
          uniq_eustachio
D:7:      black_bear_nest_2, layout_basic, uniq_menkaure
D:8:      layout_loops_cross, basic_altar
D:9:      layout_loops_ring, dancing_weapons_uskayaw,
          lemuel_coloured_pillars_altar, david_lair_generic, zombieorc2_lemuel,
          serial_shops, shop, hangedman_pestilent_swarm
D:10:     layout_long_grid, nicolae_trove_entry_path_of_doom
D:11:     gammafunk_jiyva_shrine, layout_irregular_city, serial_shops, shop,
          nicolae_shop_statue_plus, shop, shop, kennysheep_mini_moat
D:12:     minmay_the_grid_octo_tiled_octocenter [minmay_the_grid_octo_checkered,
          minmay_the_grid_octo_concentric, minmay_the_grid_octo_pinwheel,
          minmay_the_grid_octo_vomiting_pacman,
          minmay_the_grid_octo_prize_big_c, minmay_the_grid_square_5x5_corner,
          minmay_the_grid_square_5x5_empty, minmay_the_grid_square_5x5_mess,
          minmay_the_grid_square_5x5_moneybag], layout_basic, serial_shops,
          shop, nicolae_shop_crystal, shop, minmay_misc_feat_diagonals,
          hangedman_parallel_progression
D:14:     layout_rooms, lightli_vaults_fourway_checkpoint, enter_bailey_1,
          minivault_25, grunt_gozag_statues, uniq_kirke

Skill      XL: |  1  2  3  4  5  6  7  8  9 10 11 12 |
---------------+-------------------------------------+-----
Axes           | 3 4 6 8 9 11 12 13 | 13.8
Fighting       | 4 5 6 8 10 11 | 11.6
Armour         | 4 5 6 8 9 |  9.6
Dodging        | 1 2 4 |  4.6
Shields        | 4 5 7 |  7.2
Invocations    | 2 6 9 10 12 | 12.1
Evocations     | 1 2 |  2.5
Maces & Flails | 4 |  4.9

Action                   |  1- 3 |  4- 6 |  7- 9 | 10-12 || total
-------------------------+-------+-------+-------+-------++-------
Melee: War axe           |    79 |    70 |   256 |       ||   405
       Broad axe         |       |       |   202 |   614 ||   816
       Flail             |       |       |       |     6 ||     6
Throw: Boomerang         |       |       |     7 |       ||     7
Invok: Bend Time         |       |       |     1 |     1 ||     2
       Slouch            |       |       |       |     3 ||     3
Evoke: Wand              |       |       |       |     4 ||     4
  Use: Scroll            |     8 |     5 |     6 |    16 ||    35
       Potion            |     2 |     1 |     4 |     2 ||     9
  Eat: Chunk             |     1 |     2 |     8 |     4 ||    15
       Ration            |       |       |     2 |     5 ||     7
Armor: Scale mail        |    28 |    20 |       |       ||    48
       Chain mail        |       |     2 |   197 |   225 ||   424
Dodge: Dodged            |    31 |    31 |   207 |   300 ||   569
Block: Shield            |    42 |    40 |   244 |   393 ||   719

Table legend:
 A = Non-vault XP
 B = Vault XP
 C = Vault XP percentage of total XP
 D = Non-vault monster count
 E = Vault monster count
 F = Vault count percentage of total count
                 A         B        C        D         E       F
            +---------+---------+-------+---------+---------+-------
      Total |   17822 |   12758 |  41.7 |     295 |      82 |  21.8
            +---------+---------+-------+---------+---------+-------
        D:1 |      46 |       0 |   0.0 |      16 |       0 |   0.0
        D:2 |       7 |       0 |   0.0 |       6 |       0 |   0.0
        D:3 |     153 |     481 |  75.9 |      34 |       2 |   5.6
        D:4 |     623 |       0 |   0.0 |      33 |       0 |   0.0
        D:5 |    1006 |      72 |   6.7 |      29 |       2 |   6.5
        D:6 |     561 |     381 |  40.4 |      17 |       2 |  10.5
        D:7 |     979 |     293 |  23.0 |      24 |       2 |   7.7
        D:8 |    1000 |       0 |   0.0 |      23 |       0 |   0.0
        D:9 |    4301 |    2447 |  36.3 |      53 |      44 |  45.4
       D:10 |    2314 |     634 |  21.5 |      27 |       2 |   6.9
       D:11 |    1117 |       0 |   0.0 |      10 |       0 |   0.0
       D:12 |     394 |    7860 |  95.2 |       5 |      25 |  83.3
       D:14 |    5321 |     590 |  10.0 |      18 |       3 |  14.3
            +---------+---------+-------+---------+---------+-------
